 Dungeon Crawl Stone Soup version 0.20.1-1-g8b1a95d66d (webtiles) character file.

436 Gargoyl the Skirmisher (level 6, -1/78 HPs)
             Began as a Centaur Abyssal Knight on Dec 6, 2017.
             Was a Believer of Lugonu.
             Slain by Edmund
             ... wielding a +2 flail of protection
              (3 damage)
             ... on level 4 of the Dungeon.
             The game lasted 00:09:26 (3793 turns).

Gargoyl the Skirmisher (Centaur Abyssal Knight)     Turns: 3793, Time: 00:09:27

Health: -1/78      AC: 23    Str: 14    XL:     6   Next: 68%
Magic:  8/8        EV:  1    Int: 11    God:    Lugonu [**....]
Gold:   175        SH:  6    Dex: 11    Spells: 5/5 levels left

rFire    . . .     SeeInvis +   a - +2 hand axe
rCold    + . .     Gourm    .   e - +0 shield
rNeg     + + +     Faith    .   (armour currently unavailable)
rPois    +         Spirit   .   (helmet currently unavailable)
rElec    .         Reflect  .   (cloak currently unavailable)
rCorr    .         Harm     .   (gloves currently unavailable)
MR       .....     NoTele   +   (no barding)
Stlth    +.........             l - amulet of magic regeneration
Regen    0.3/turn               m - ring of protection from cold
MPRegen  0.2/turn               q - ring of see invisible

@: tree-form
A: no striking features
a: Depart the Abyss, Bend Space, Renounce Religion


You were on level 4 of the Dungeon.
You worshipped Lugonu.
Lugonu was pleased with you.
You were not hungry.
You were a tree.
You visited 1 branch of the dungeon, and saw 4 of its levels.
You visited the Abyss 1 time.

You collected 175 gold pieces.

Inventory:

Hand Weapons
 a - a +2 hand axe (weapon)
Armour
 e - a +0 shield (worn)
 i - a +0 chain mail (melded)
 k - a +2 helmet (melded)
Jewellery
 j - an uncursed ring of resist corrosion
 l - an amulet of magic regeneration (around neck)
 m - a ring of protection from cold (left branch)
 q - a ring of see invisible (right branch)
Wands
 p - a wand of flame (22/48)
Scrolls
 d - a scroll of remove curse
 h - 5 scrolls of identify
 o - a scroll of magic mapping
Potions
 b - a potion of cancellation
 g - a potion of resistance
 n - a potion of lignification
Comestibles
 c - 3 bread rations
 f - 4 meat rations


   Skills:
 + Level 4.2 Fighting
 + Level 3.6 Axes
 * Level 3.1 Armour
 + Level 1.2 Dodging
 * Level 3.9 Invocations


You had 5 spell levels left.
You didn't know any spells.

Dungeon Overview and Level Annotations

Branches:
Dungeon (4/15)
 Temple: D:4-7

Altars:
Qazlal
Vehumet
Yredelemnul
Zin

Annotations:
D:4 Edmund


Innate Abilities, Weirdness & Mutations

((You have hooves in place of feet.))
((Armour fits poorly on your strangely shaped body.))
((You cover ground very quickly.))
((You have extremely tough skin. (AC +3)))


Message History

Edmund is severely wounded.
You block Edmund's attack.
You hit Edmund but do no damage.
Edmund is severely wounded.
Edmund hits you but does no damage.
You barely miss Edmund.
Edmund is severely wounded.
Edmund hits you with a flail of protection.
* * * LOW HITPOINT WARNING * * *
You hit Edmund.
Edmund is almost dead.
Edmund hits you but does no damage.
You closely miss Edmund.
Edmund is almost dead.
Edmund hits you with a flail of protection.
* * * LOW HITPOINT WARNING * * *
You hit Edmund but do no damage.
Edmund is almost dead.
Edmund hits you with a flail of protection.
You die...

##................# #....###
#......##........######.#.##
#.......................#..##
#.............#####.........##
#...#.##..###.........#####...
##....###.#####..####......#..
####............## ######....
##.....#.###[.#### #####
#...##...# ##.♣.# ###
#...###..######@# ##..
#....[.....# .# ##########...
#......#...# .# #..........#.
#..>.......## .. #............
#....#._.#..# #.##.........###
####........## ............#
###...#.....# ###.........#
#..)........# #.(.......#


You could see Edmund.

Vanquished Creatures
  A phantom (D:4)
  The ghost of NullDivider the Charlatan, a weakling OpAr (D:3)
  A hound (D:4)
  Natasha (thrice) (D:3)
  Terence (D:3)
  2 worker ants (D:4)
  4 adders (D:2)
  An ooze (D:1)
  4 worms
  3 dart slugs
  6 leopard geckos
  5 orcs
  A ball python (D:1)
  6 bats
  4 giant cockroaches
  4 hobgoblins
  A jackal (D:1)
  8 kobolds
  2 quokkas
  A frilled lizard (D:1)
  10 goblins
  7 rats
76 creatures vanquished.

Notes
Turn   | Place    | Note
-------+----------+-------------------------------------------
     0 | Abyss:1  | Gargoyl the Centaur Abyssal Knight began the quest for the Orb.
     0 | Abyss:1  | Reached XP level 1. HP: 19/19 MP: 2/2
    10 | Abyss:1  | Found a corrupted altar of Lugonu.
   111 | Abyss:1  | Noticed a cyan very ugly thing
   169 | Abyss:1  | Noticed a smoke demon
   171 | D:1      | Escaped the Abyss
   200 | D:1      | Reached * piety under Lugonu
   200 | D:1      | Reached XP level 2. HP: 6/26 MP: 3/3
   860 | D:1      | Reached XP level 3. HP: 33/33 MP: 4/4
  1360 | D:2      | HP: 1/33 [adder (2)]
  1770 | D:2      | Reached XP level 4. HP: 37/40 MP: 6/6
  1786 | D:2      | Reached ** piety under Lugonu
  1974 | D:2      | Found a stormy altar of Qazlal.
  2296 | D:3      | Noticed Terence
  2307 | D:3      | Killed Terence
  2334 | D:3      | Found a faded altar of an unknown god.
  2546 | D:3      | Reached XP level 5. HP: 46/46 MP: 7/7
  2676 | D:3      | Noticed NullDivider's ghost (weakling OpAr)
  2688 | D:3      | Noticed Natasha
  2707 | D:3      | Killed NullDivider's ghost
  2707 | D:3      | Reached skill level 4 in Fighting
  2716 | D:3      | Killed Natasha
  2849 | D:3      | Noticed Natasha
  2861 | D:3      | Killed Natasha
  3107 | D:3      | Found a glowing silver altar of Zin.
  3108 | D:3      | Noticed Natasha
  3117 | D:3      | Killed Natasha
  3117 | D:3      | Reached XP level 6. HP: 52/52 MP: 8/8
  3118 | D:3      | Found a basalt altar of Yredelemnul.
  3281 | D:4      | Reached skill level 1 in Dodging
  3373 | D:4      | Found a radiant altar of Vehumet.
  3760 | D:4      | Noticed Edmund
  3792 | D:4      | HP: 1/78 [Edmund/flail of protection (4)]
  3793 | D:4      | Slain by Edmund

Skill      XL: |  1  2  3  4  5  6 |
---------------+-------------------+-----
Axes           | 2 3 |  3.6
Invocations    | 3 |  3.9
Armour         | 2 3 |  3.1
Fighting       | 4 |  4.2
Dodging        | 1 |  1.2

Action                   |  1- 3 |  4- 6 || total
-------------------------+-------+-------++-------
Melee: Hand axe          |   108 |   208 ||   316
       Kick              |    16 |    49 ||    65
Invok: Depart the Abyss  |     1 |       ||     1
  Use: Potion            |     3 |     2 ||     5
       Scroll            |     5 |     6 ||    11
  Eat: Chunk             |     2 |     6 ||     8
Armor: Leather armour    |    19 |       ||    19
       Ring mail         |    39 |       ||    39
       Skin              |     7 |    50 ||    57
       Chain mail        |     1 |    95 ||    96
Dodge: Dodged            |    42 |    10 ||    52
Block: Shield            |    50 |    60 ||   110
